 Dungeon Crawl Stone Soup version 0.29.1-1-gd02db6906a (webtiles) character file.

Game seed: 9618634226216170415

1953 GigaChad the Fighter (level 8, 0/78 (83) HPs)
             Began as a Minotaur Fighter on Sept 29, 2022.
             Was a Believer of Okawaru.
             Slain by a wight
             ... wielding a +0 spear
              (1 damage)
             ... on level 6 of the Dungeon.
             The game lasted 00:09:54 (4604 turns).

GigaChad the Fighter (Minotaur Fighter)             Turns: 4604, Time: 00:09:55

HP:   0/78 (83)     AC:  4    Str: 30    XL:     8   Next: 99%
MP:   0/7           EV: 11    Int:  5    God:    Okawaru [**....]
Gold: 328           SH:  5    Dex: 15    Spells: 7/7 levels left

rFire   . . .      SeeInvis .   a - +0 long sword (flame)
rCold   . . .      Faith    .   c - +0 buckler
rNeg    . . .      Spirit   +   q - +3 leather armour of Ynuuh {Dex+4 Stlth+}
rPois   .          Reflect  .   (helmet restricted)
rElec   +          Harm     .   (no cloak)
rCorr   .          Rampage  .   (no gloves)
Will    .....                   k - +0 pair of boots
Stlth   ++........              f - amulet of guardian spirit
HPRegen 0.23/turn               j - +6 ring of strength
MPRegen 0.10/turn               s - ring of Xubing {Fly rElec Dex+2 Slay+3}

@: corroded, flying, drained
A: horns 2, retaliatory headbutt
a: Renounce Religion, Heroism


You were on level 6 of the Dungeon.
You worshipped Okawaru.
Okawaru was pleased with you.
You visited 2 branches of the dungeon, and saw 7 of its levels.

You collected 328 gold pieces.

Inventory:

Hand Weapons
 a - a +0 long sword of flaming (weapon)
 u - a +2 whip of holy wrath
Missiles
 e - 2 atropa-tipped darts (quivered)
 r - 4 curare-tipped darts
 y - 5 poisoned darts
Armour
 b - a +0 scale mail
 c - a +0 buckler (worn)
 k - a +0 pair of boots (worn)
 q - the +3 leather armour of Ynuuh (worn) {Dex+4 Stlth+}
   (You found it on level 5 of the Dungeon)

   Dex:       It affects your dexterity (+4).
   Stlth:     It makes you more stealthy.
Jewellery
 f - an amulet of guardian spirit (around neck)
 j - a +6 ring of strength (left hand)
 m - a ring of willpower
 n - an amulet of magic regeneration
 p - a ring of wizardry
 s - the ring of Xubing (right hand) {Fly rElec Dex+2 Slay+3}
   (You found it on level 4 of the Dungeon)

   [ring of flight]

   Dex:       It affects your dexterity (+2).
   Slay:      It affects your accuracy & damage with ranged weapons and melee
   (+3).
   rElec:     It insulates you from electricity.
   Fly:       It grants you flight.
 A - a ring of magical power
Scrolls
 g - 2 scrolls of teleportation
 i - 4 scrolls of identify
 l - a scroll of silence
 t - a scroll of vulnerability {unknown}
 v - a scroll of butterflies
 w - a scroll of immolation
 x - a scroll of magic mapping {unknown}
Potions
 d - a potion of might
 h - 2 potions of curing {unknown}
 o - 3 potions of magic {unknown}
 z - a potion of flight {unknown}


   Skills:
 + Level 11.9 Fighting
 - Level 4.4 Long Blades
 + Level 7.2 Armour
 - Level 1.4 Dodging
 - Level 0.2 Stealth
 - Level 4.5 Shields


You had 7 spell levels left.
You didn't know any spells.
Your spell library contained the following spells:

 Spells                   Type           Power      Damage    Failure   Level
 Fireball                 Conj/Fire      0%         3d3       100%        5
 Iskenderun's Battlesphe  Conj           0%         2d6       100%        5
 Conjure Ball Lightning   Conj/Air       0%         3x3d6     100%        6
 Orb of Destruction       Conj           0%         9d5       100%        7


Dungeon Overview and Level Annotations

Branches:
Dungeon (6/15)             Temple (1/1) D:5

Altars:
Cheibriados
Dithmenos
Elyvilon
Gozag
Hepliaklqana
Kikubaaqudgha
Nemelex Xobeh
Okawaru
Trog
Uskayaw
Xom
Yredelemnul
Zin
The Shining One

Shops:
D:1 ![   D:2 !


Innate Abilities, Weirdness & Mutations

You have a pair of horns on your head.
You reflexively headbutt those who attack you in melee.


Message History

Found a stone staircase leading down.
A wight comes into view. It is wielding a +0 spear.
There is a stone staircase leading down here.
Found 4 gold pieces.
A gnoll comes into view. It is wielding a +0 whip.
A jelly comes into view.
The wight hits you from afar with a +0 spear!
* * * LOW HITPOINT WARNING * * *
You feel drained.
* * * LOW HITPOINT WARNING * * *
You barely miss the jelly. The jelly barely misses you.
The wight closely misses you.
You slash the jelly! You burn the jelly. The acid corrodes you!
Your hands burn!
* * * LOW HITPOINT WARNING * * *
The jelly is almost dead.
You block the jelly's attack.
The wight hits you from afar with a +0 spear.
* * * LOW HITPOINT WARNING * * *
You feel drained.
You slash the jelly! You burn the jelly.
You kill the jelly!
Okawaru accepts your kill. You block the wight's attack.
The wight closely misses you. The wight barely misses you.
You furiously retaliate!
You headbutt the wight. You barely miss the wight.
The wight is moderately damaged.
The wight misses you. The wight hits you with a +0 spear!
* * * LOW HITPOINT WARNING * * *
You hit the wight. You burn the wight.
The wight is severely damaged.
The wight closely misses you. You furiously retaliate!
You headbutt the wight, but do no damage.
You hit the wight. You burn the wight.
The wight is almost destroyed.
The wight hits you with a +0 spear!
* * * LOW HITPOINT WARNING * * *
You feel drained.
You die...

#.... . #...
####. #...
###.......... #..
##...........$
##.............
##.........(....
##...............
#................
#..z@....?.......
#................
#................
##......>........
###............#
###........###
##########


You could see a wight.

Vanquished Creatures
  Pikel (D:5)
  Prince Ribbit (D:5)
  Menkaure (D:5)
  A steam dragon (D:6)
  A water moccasin (D:5)
  An ice beast (D:4)
  2 ogres
  2 phantoms (D:5)
  A scorpion (D:4)
  A necrophage (D:5)
  A howler monkey (D:6)
  An orc priest (D:5)
  2 hounds (D:5)
  2 jellies
  2 iguanas
  3 gnolls (D:5)
  8 adders
  An ufetubus (D:5)
  3 worms
  4 dart slugs
  5 orcs (D:5)
  3 ball pythons
  5 endoplasms
  18 giant cockroaches
  5 goblins
  6 hobgoblins
  2 kobolds
  2 quokkas
  8 bats
  3 frilled lizards
  6 rats
102 creatures vanquished.

Notes
Turn   | Place    | Note
-------+----------+-------------------------------------------
     0 | D:1      | GigaChad the Minotaur Fighter began the quest for the Orb.
     0 | D:1      | Reached XP level 1. HP: 19/19 MP: 0/0
    33 | D:1      | Found Fuffac's Antique Armour Boutique.
   135 | D:1      | Reached XP level 2. HP: 27/27 MP: 1/1
   280 | D:1      | Reached skill level 4 in Fighting
  1017 | D:1      | Found Zuomiq's Distillery.
  1177 | D:2      | Reached XP level 3. HP: 33/33 MP: 2/2
  1620 | D:2      | Found a faded altar of an unknown god.
  1679 | D:2      | Found Iliecwenk's Distillery.
  1822 | D:3      | Reached XP level 4. HP: 29/40 MP: 3/3
  2059 | D:3      | Reached skill level 1 in Dodging
  2420 | D:3      | Found a sparkling altar of Nemelex Xobeh.
  2750 | D:4      | Noticed a scorpion
  2765 | D:4      | Killed a scorpion
  2766 | D:4      | Reached XP level 5. HP: 36/47 MP: 2/4
  3055 | D:4      | Noticed an ice beast
  3070 | D:4      | Reached skill level 5 in Fighting
  3072 | D:4      | Killed an ice beast
  3073 | D:4      | Reached XP level 6. HP: 41/57 MP: 3/5
  3326 | D:4      | Identified the ring of Xubing {Fly rElec Dex+2 Slay+3}
  3454 | D:5      | Entered Level 5 of the Dungeon
  3454 | D:5      | Noticed Menkaure
  3460 | D:5      | Killed Menkaure
  3461 | D:5      | Reached skill level 6 in Fighting
  3549 | D:5      | Reached skill level 7 in Fighting
  3646 | D:5      | Reached XP level 7. HP: 63/67 MP: 6/6
  3649 | D:5      | Reached skill level 8 in Fighting
  3657 | D:5      | Found a staircase to the Ecumenical Temple.
  3657 | D:5      | Identified the +3 leather armour of Ynuuh {Dex+4 Stlth+}
  3699 | Temple   | Entered the Ecumenical Temple
  3792 | Temple   | Became a worshipper of Warmaster Okawaru
  3864 | D:5      | Noticed Pikel
  3875 | D:5      | Killed Pikel
  3875 | D:5      | Reached * piety under Okawaru
  3876 | D:5      | Reached skill level 10 in Fighting
  3876 | D:5      | Reached XP level 8. HP: 37/79 MP: 0/7
  4148 | D:5      | Noticed Prince Ribbit
  4152 | D:5      | Reached skill level 5 in Armour
  4155 | D:5      | Killed Prince Ribbit
  4161 | D:5      | Reached skill level 11 in Fighting
  4416 | D:5      | Reached ** piety under Okawaru
  4604 | D:6      | HP: 1/80 [wight/+0 spear (5)]
  4604 | D:6      | Slain by a wight

Illustrated notes

Levels and vault maps discovered:
D:1:      dpeg_arrival_radiant, layout_basic, serial_shops,
          nicolae_lakefront_shop, nicolae_shop_competitors_out_of_business
D:2:      minmay_roachtagon, layout_basic, serial_shops, shop,
          shapermc_ecumenical_altar_mp_vishouse, minmay_goblin_kobold_house
D:3:      minmay_recursive_quarters, layout_loops_ring, amcnicky_altar_gilded
D:4:      layout_cave_pools
D:5:      layout_basic, minmay_temple_entry_sparse_star, minmay_between,
          uniq_prince_ribbit1, uniq_pikel, uniq_menkaure
D:6:      layout_cave_pods, overflow_temple_1_default
Temple:   hellmonk_temple_forest_ring

Skill      XL: |  1  2  3  4  5  6  7  8 |
---------------+-------------------------+-----
Shields        | 4 |  4.5
Fighting       | 4 5 7 10 11 | 11.9
Armour         | 4 7 |  7.2
Long Blades    | 3 4 |  4.4
Dodging        | 1 |  1.4
Stealth        | |  0.2

Action                   |  1- 3 |  4- 6 |  7- 9 || total
-------------------------+-------+-------+-------++-------
Melee: Long sword        |    92 |    91 |    57 ||   240
       Headbutt          |    13 |    11 |    16 ||    40
  Use: Scroll            |     2 |     4 |     1 ||     7
 Stab: Sleeping          |       |       |     1 ||     1
Armor: Scale mail        |    67 |    52 |     1 ||   120
       Leather armour    |       |       |    20 ||    20
Dodge: Dodged            |    65 |    59 |    46 ||   170
Block: Buckler           |    29 |    29 |    23 ||    81
